 Dungeon Crawl Stone Soup version 0.31.0-11-ge490571c62 (webtiles) character file.

Game seed: 264988435298275523

79 Rassilon the Trooper (level 4, -4/55 HPs)
             Began as a Demonspawn Monk on Jan 28, 2024.
             Incinerated by a bombardier beetle (5 damage)
             ... with a burning spray
             ... on level 3 of the Dungeon.
             The game lasted 00:04:40 (1447 turns).

Rassilon the Trooper (Demonspawn Monk)              Turns: 1447, Time: 00:04:41

Health: -4/55      AC: 22    Str: 11    XL:     4   Next: 16%
Magic:  4/4        EV:  2    Int: 11    God:
Gold:   143        SH:  0    Dex: 17    Spells: 3/3 levels left

rFire   . . .        a - +0 falchion
rCold   . . .        d - orb {light}
rNeg    . . .        h - melded +0 leather armour
rPois   +            g - melded +0 helmet
rElec   .            (cloak currently unavailable)
rCorr   .            (gloves currently unavailable)
SInv    .            (boots currently unavailable)
Will    +....        (no amulet)
Stlth   +            (no ring)
HPRegen 0.29/turn    (no ring)
MPRegen 0.09/turn

%: no passive effects
@: brilliant, on fire, tree-form, attractive, enlightened, glowing
A: stationary, stasis, torment immunity, boosted hp, (claws 1), (hooves 1),
(weakness stinger 1)
a: no special abilities


You were on level 3 of the Dungeon.
You were a tree.
You visited 1 branch of the dungeon, and saw 3 of its levels.

You collected 143 gold pieces.

Inventory:

Hand Weapons
 a - a +0 falchion (weapon)
Missiles
 b - 5 poisoned darts (quivered)
Armour
 d - an orb of light (worn)
 g - a +0 helmet (melded)
 h - a +0 leather armour (melded)
Talismans
 l - a beast talisman
Scrolls
 e - 4 scrolls of identify {unknown}
 i - a scroll of torment {unknown}
 k - a scroll of teleportation {unknown}
 o - a scroll of blinking {unknown}


   Skills:
 * Level 4.0 Fighting
 + Level 3.3 Long Blades
 + Level 3.1 Dodging
 + Level 0.5 Shapeshifting


You had 3 spell levels left.
You didn't know any spells.
Your spell library contained the following spells:

 Spells                   Type           Power      Damage    Failure   Level
 Static Discharge         Conj/Air       0%         3-3/arc   47%         2
 Airstrike                Air            0%         2d(0-16)  98%         4
 Summon Lightning Spire   Summ/Air       0%         N/A       98%         4


Dungeon Overview and Level Annotations

Branches:
Dungeon (3/15)

Altars:
Yredelemnul


Innate Abilities, Weirdness & Mutations

You are a tree.
Your roots penetrate the ground, keeping you stationary.
You cannot be teleported.
You are immune to unholy pain and torment.
Your maximum health is greatly increased.
Your equipment is partially melded.
((You have sharp fingernails.))
((You have large cloven feet.))
((You have a small tail.))


Message History

* * * LOW HITPOINT WARNING * * *
The bombardier beetle waves its antennae.
The bombardier beetle bites you.
* * * LOW HITPOINT WARNING * * *
It was a potion of lignification.
You turn into a tree.
Your +0 helmet melds into your body.
Your +0 leather armour melds into your body.
Your roots penetrate the ground.
The liquid fire burns you!
* * * LOW HITPOINT WARNING * * *
You cannot move. (Use ctrl+direction or * direction to attack while stationary and confused.)
You slash the bombardier beetle!
You kill the bombardier beetle!
The liquid fire burns you!
* * * LOW HITPOINT WARNING * * *
Your Fighting skill increases to level 4!
You have reached level 4!
You feel clever.
Your demonic ancestry asserts itself...
Your fingernails lengthen.
You are on fire!
The liquid fire burns you!
* * * LOW HITPOINT WARNING * * *
You feel less invigorated.
You feel less confused.
You are on fire!
The liquid fire burns you! The liquid fire burns you!
The liquid fire burns you!
* * * LOW HITPOINT WARNING * * *
The liquid fire burns you!
* * * LOW HITPOINT WARNING * * *
It was a potion of enlightenment.
Your roots keep you in place.
The liquid fire burns you!
* * * LOW HITPOINT WARNING * * *
It was a potion of brilliance.
You feel clever all of a sudden. The liquid fire burns you!
* * * LOW HITPOINT WARNING * * *
The liquid fire burns you!
You die...

#.#..## #
#.#..# #.#..#
# #...### #.
##....#
#..###..#..#
#.......##....
###.....#
#..## #..†♣.#
...# #.....#
... #.....# ##
#...).#
#.....#
#.....#
#######


There were no monsters in sight!

Vanquished Creatures
  A bombardier beetle (D:3)
  An adder (D:3)
  3 ball pythons
  4 bats
  2 endoplasms
  5 giant cockroaches
  2 goblins (D:1)
  7 hobgoblins
  A quokka (D:1)
  2 frilled lizards
  9 rats
37 creatures vanquished.

Notes
Turn   | Place    | Note
-------+----------+-------------------------------------------
     0 | D:1      | Rassilon the Demonspawn Monk began the quest for the Orb.
     0 | D:1      | Reached XP level 1. HP: 18/18 MP: 1/1
   238 | D:1      | Discovered your monstrous ancestry.
   238 | D:1      | Gained mutation: You have a small tail. [demonic ancestry]
   238 | D:1      | Reached XP level 2. HP: 22/24 MP: 2/2
   946 | D:2      | Found a faded altar of an unknown god.
   966 | D:2      | Gained mutation: You have large cloven feet. [demonic
                  | ancestry]
   966 | D:2      | Reached XP level 3. HP: 27/29 MP: 3/3
  1327 | D:3      | Found a basalt altar of Yredelemnul.
  1440 | D:3      | Reached skill level 4 in Fighting
  1440 | D:3      | Gained mutation: You have sharp fingernails. [demonic
                  | ancestry]
  1440 | D:3      | Reached XP level 4. HP: 19/37 MP: 4/4
  1446 | D:3      | HP: 1/55 [burnt (6)]
  1447 | D:3      | Incinerated by a bombardier beetle

Illustrated notes

Levels and vault maps discovered:
D:1:      dpeg_arrival_long_road, layout_basic, nrook_mini_vaults
D:2:      layout_rooms, chequers_ecumenical_altar_island
D:3:      layout_rooms, mainiacjoe_overflow_catwalk_spiral,
          mainiacjoe_overflow_six_doors_small, serial_shops,
          nicolae_shop_window_shopping, shop, nicolae_lakefront_shop,
          nicolae_shop_statue_plus, shop, skrybe_limestone_x

Skill      XL: |  1  2  3 |
---------------+----------+-----
Long Blades    | 3 |  3.3
Dodging        | 3 |  3.1
Fighting       | 4 |  4.0
Shapeshifting  | |  0.5

Action                     |  1- 3 |  4- 6 || total
---------------------------+-------+-------++-------
  Melee: Falchion          |    78 |       ||    78
         Tailslap          |     7 |       ||     7
         Kick              |     7 |       ||     7
    Use: Potion            |     3 |     2 ||     5
 Armour: Robe              |    10 |       ||    10
         Leather armour    |    23 |       ||    23
  Dodge: Dodged            |    56 |       ||    56
